 Dungeon Crawl Stone Soup version 0.21.1-1-g345015fe64 (webtiles) character file.

231 Dreamer the Changer (level 6, -9/38 HPs)
             Began as an Octopode Transmuter on Apr 11, 2018.
             Mangled by Xenomina's ghost (15 damage)
             ... on level 3 of the Dungeon.
             The game lasted 00:09:06 (3366 turns).

Dreamer the Changer (Octopode Transmuter)           Turns: 3366, Time: 00:09:06

Health: -9/38      AC:  1    Str:  9    XL:     6   Next: 3%
Magic:  9/9        EV: 13    Int: 17    God:
Gold:   120        SH:  0    Dex: 13    Spells: 1/9 levels left

rFire    . . .     SeeInvis .     - Unarmed
rCold    + . .     Gourm    .   (no shield)
rNeg     . . .     Faith    .   (helmet restricted)
rPois    .         Spirit   .   s - amulet of rage
rElec    .         Reflect  .   m - ring of protection from cold
rCorr    .         Harm     .   (no ring)
MR       .....                  (no ring)
Stlth    ++........             (no ring)
HPRegen  0.12/turn              (no ring)
MPRegen  0.11/turn              (no ring)
                                (no ring)
                                (no ring)

@: appendage (expiring)
A: almost no armour, stealthy swim, amphibious, 8 rings, constrict 8, tentacle
spike 3, camouflage 1, gelatinous body 1
a: End Transformation, Evoke Berserk Rage


You were on level 3 of the Dungeon.
You were not hungry.
One of your tentacles had a temporary spike.
You visited 1 branch of the dungeon, and saw 3 of its levels.

You collected 120 gold pieces.

Inventory:

Missiles
 a - 45 arrows
Jewellery
 m - a ring of protection from cold (left tentacle)
 s - an amulet of rage (around mantle)
Scrolls
 d - 2 scrolls of amnesia {unknown}
 f - a scroll of immolation {unknown}
 i - a scroll of fear {unknown}
 l - 2 scrolls of remove curse {unknown}
 n - 3 scrolls of teleportation {unknown}
 q - 5 scrolls of identify {unknown}
 t - a scroll of random uselessness {unknown}
Potions
 e - a potion of berserk rage {unknown}
 g - 3 potions of might {unknown}
 h - a potion of curing
 j - a potion of heal wounds {unknown}
 k - a potion of brilliance {unknown}
 o - a potion of flight {unknown}
Books
 b - a book of Changes

   Spells                             Type                      Level
   a - Beastly Appendage              Transmutation                1
   b - Sticks to Snakes               Transmutation                2
   c - Spider Form                    Transmutation/Poison         3
   d - Ice Form                       Ice/Transmutation            4
   e - Blade Hands                    Transmutation                5
 p - a book of Cantrips

   Spells                             Type                      Level
   a - Confusing Touch                Hexes                        1
   b - Animate Skeleton               Necromancy                   1
   c - Summon Small Mammal            Summoning                    1
   d - Apportation                    Translocation                1
 r - a book of Necromancy

   Spells                             Type                      Level
   a - Pain                           Necromancy                   1
   b - Animate Skeleton               Necromancy                   1
   c - Vampiric Draining              Necromancy                   3
   d - Regeneration                   Charms/Necromancy            3
   e - Animate Dead                   Necromancy                   4
   f - Borgnjor's Vile Clutch         Necromancy/Earth             5
Comestibles
 c - 6 rations
 u - 3 chunks of flesh


   Skills:
 - Level 1.0 Fighting
 - Level 2.0 Dodging
 - Level 3.0 Unarmed Combat
 - Level 2.0 Spellcasting
 + Level 5.6 Transmutations
 + Level 2.0 Ice Magic


You had one spell level left.
You knew the following spells:

 Your Spells              Type           Power        Failure   Level  Hunger
a - Beastly Appendage     Tmut           ###...       1%          1    #......
b - Spider Form           Tmut/Pois      ##........   19%         3    ###....
c - Ice Form              Ice/Tmut       ##......     36%         4    #####..


Dungeon Overview and Level Annotations

Branches:
Dungeon (3/15)

Altars:

Annotations:
D:3 Xenomina's ghost, amateur DgFi


Innate Abilities, Weirdness & Mutations

You cannot wear most types of armour.
You are very stealthy in the water. (Stealth+)
You are amphibious.
You can wear up to eight rings at the same time.
You can use your tentacles to constrict eight enemies at once.
Your skin changes colour to match your surroundings (Stealth+).
Your rubbery body absorbs attacks. (AC +1, EV +1)
One of your tentacles bears a large vicious spike.


Message History

Xenomina's ghost is lightly damaged.
Xenomina's ghost hits you!
You tentacle-slap Xenomina's ghost.
You squeeze Xenomina's ghost, but do no damage.
Xenomina's ghost is moderately damaged.
Xenomina's ghost barely misses you.
You barely miss Xenomina's ghost.
You squeeze Xenomina's ghost, but do no damage.
Xenomina's ghost is moderately damaged.
Xenomina's ghost says, "I am invincible!"
Xenomina's ghost hits you.
You tentacle-slap Xenomina's ghost but do no damage.
Your tentacle spike misses Xenomina's ghost.
Xenomina's ghost is moderately damaged.
Xenomina's ghost hits you!
* * * LOW HITPOINT WARNING * * *
There is an escape hatch in the floor here.
Your transformation is almost over.
Xenomina's ghost hits you!
You die...

#..# ..## ######### ..#
#######.......# ..#
#.......#####.# ..#
.....###..#####.# .##
###..#.......##.# .#
.##.....#..##.##.#
#####.#....###..##.##.####
#.............@W.......#
#.#......#######..####.#
#........ #..####.#
###..## #..รท..#.# .....#
## ##.##.#.# ..#..# ...
#.##.#.# ..#..# ....
#......# .....#####..<..
####.### ..##...........
#.##


You could see Xenomina's ghost.

Vanquished Creatures
  Natasha (thrice) (D:2)
  A worker ant (D:3)
  A hound skeleton (D:3)
  5 adders
  2 oozes
  A worm (D:2)
  A leopard gecko (D:2)
  4 giant cockroaches
  10 goblins
  7 hobgoblins
  7 jackals
  5 kobolds
  A ball python (D:2)
  7 bats
  4 frilled lizards
  7 rats
66 creatures vanquished.

Notes
Turn   | Place    | Note
-------+----------+-------------------------------------------
     0 | D:1      | Dreamer the Octopode Transmuter began the quest for the Orb.
     0 | D:1      | Reached XP level 1. HP: 13/13 MP: 3/3
    44 | D:1      | Reached XP level 2. HP: 7/18 MP: 5/5
   111 | D:1      | Reached skill level 3 in Transmutations
   620 | D:1      | Reached XP level 3. HP: 23/23 MP: 6/6
   826 | D:1      | Learned a level 3 spell: Spider Form
  1203 | D:2      | Noticed Natasha
  1214 | D:2      | Killed Natasha
  1214 | D:2      | Reached skill level 4 in Transmutations
  1214 | D:2      | Reached XP level 4. HP: 8/28 MP: 7/7
  1637 | D:2      | Noticed Natasha
  1653 | D:2      | Killed Natasha
  1946 | D:2      | Reached skill level 5 in Transmutations
  1946 | D:2      | Reached XP level 5. HP: 29/33 MP: 4/8
  1962 | D:2      | Learned a level 4 spell: Ice Form
  2238 | D:2      | Noticed Natasha
  2249 | D:2      | Killed Natasha
  2396 | D:2      | Reached skill level 1 in Ice Magic
  2657 | D:3      | Noticed Xenomina's ghost (amateur DgFi)
  3162 | D:3      | Reached XP level 6. HP: 38/38 MP: 5/9
  3366 | D:3      | Mangled by Xenomina's ghost

Skill      XL: |  1  2  3  4  5  6 |
---------------+-------------------+-----
Transmutations | 3 4 5 |  5.6
Ice Magic      | 1 2 |  2.0
Fighting       | |  1.0
Dodging        | |  2.0
Unarmed Combat | |  3.0
Spellcasting   | |  2.0

Action                   |  1- 3 |  4- 6 || total
-------------------------+-------+-------++-------
Melee: Unarmed           |    78 |   107 ||   185
       Constrict         |    23 |    19 ||    42
       Tentacles         |    14 |     9 ||    23
       Kick              |    10 |     4 ||    14
 Cast: Beastly Appendage |     9 |     2 ||    11
       Spider Form       |       |     9 ||     9
 Stab: Sleeping          |     4 |     1 ||     5
  Eat: Chunk             |     1 |     8 ||     9
Armor: Skin              |    13 |     2 ||    15
Dodge: Dodged            |    48 |    57 ||   105
